 Dungeon Crawl Stone Soup version 0.14-a0-1739-g6c2808e (webtiles) character file.

1928 PolkaDot the Slicer (level 8, -1/63 HPs)
             Began as a Vampire Death Knight on Jan 3, 2014.
             Was an Elder of Yredelemnul.
             Killed by divine providence
             ... invoked by an orc priest
              (13 damage)
             ... on Level 6 of the Dungeon.
             The game lasted 00:27:47 (6013 turns).

PolkaDot the Slicer (Vampire Death Knight)          Turns: 6013, Time: 00:27:47

HP  -1/63        AC 10     Str 12      XL: 8   Next: 77%
MP   4/10        EV 13     Int 13      God: Yredelemnul [****..]
Gold 190         SH  0     Dex 15      Spells:  2 memorised,  4 levels left

rFire  + . .     SeeInvis +     a - +2 short sword
rCold  . . .     Clarity  .     C - +1 orc robe {rF+}
rNeg   . . .     Conserve .     (no shield)
rPois  +         rCorr    .     g - +0 helmet
rElec  .         rRot     .     c - +1 cloak
SustAb . .       Spirit   .     i - +2 pair of orc gloves
rMut   .         Warding  .     (no boots)
Saprov . . .     Stasis   .     (no amulet)
                                p - ring of poison resistance
                                t - +1 ring of protection

@: regenerating quickly, somewhat resistant to hostile enchantments, unstealthy
A: bottle blood, fangs 3, see invisible, unbreathing
a: Bottle Blood, Animate Dead, Recall Undead Slaves, Injury Mirror, Drain Life,
Renounce Religion


You were on level 6 of the Dungeon.
You worshipped Yredelemnul.
Yredelemnul was greatly pleased with you.
You were very full.

You visited 1 branch of the dungeon, and saw 6 of its levels.
You also visited: Sewer.

You collected 190 gold pieces.

Inventory:

Hand weapons
 a - a +2,+2 short sword (weapon)
 B - a +1,+3 orcish long sword of electrocution
Armour
 c - a +1 cloak (worn)
 g - a +0 helmet (worn)
 i - a +2 pair of orcish gloves (worn)
 y - the +0 ring mail of Greed {rF+ Str+4, unknown}
   (You found it on level 6 of the Dungeon)

   It affects your strength (+4).
   It protects you from fire.
 C - a +1 orcish robe of fire resistance (worn)
Magical devices
 e - a wand of slowing (12)
Scrolls
 k - 2 scrolls of blinking
 m - a scroll of fear {unknown}
 s - a scroll of noise
 u - a scroll of teleportation
 v - 2 scrolls of enchant weapon I
 A - 2 scrolls of amnesia
Jewellery
 l - an uncursed ring of protection from fire
 p - a ring of poison resistance (right hand)
 t - a +1 ring of protection (left hand)
Potions
 b - a potion of poison {unknown}
 d - a potion of restore abilities
 j - 2 potions of flight
 q - 9 potions of blood {@w2}
 r - a potion of paralysis {unknown}
 w - a potion of resistance {unknown}
 x - a potion of beneficial mutation {unknown}
 z - a potion of lignification {unknown}
Books
 f - a book of Party Tricks

   Spells                             Type                      Level
   Summon Butterflies                 Summoning                    1
   *Apportation                       Translocation                1
   *Blink                             Translocation                2
   Alistair's Intoxication            Transmutation/Poison         4
   Tukima's Dance                     Hexes                        5


   Skills:
 - Level 5.5 Fighting
 * Level 8.8 Short Blades
 + Level 4.0 Armour
 - Level 3.0 Dodging
 - Level 2.4 Invocations


You had 4 spell levels left.
You knew the following spells:

 Your Spells              Type           Power        Failure   Level  Hunger
a - Apportation           Tloc           #.........   30%         1    ##.....
q - Blink                 Tloc           N/A          47%         2    ###....


Dungeon Overview and Level Annotations

Branches:
Dungeon (6/16)             Temple (0/1) D:4

Altars:
Elyvilon
Nemelex Xobeh

Annotations:
D:6 Edmund


Innate Abilities, Weirdness & Mutations

Your natural rate of healing is unusually fast.
You can bottle blood from corpses.
You have razor-sharp teeth.*
You have supernaturally acute eyesight.
You can survive without breathing.*


Message History

Okay, then.
Use which ability? (? or * to list) Use which ability? (? or * to list)
Okay, then.
Use which ability? (? or * to list)
Okay, then.
Use which ability? (? or * to list)
You draw life from your surroundings.
You draw life from Edmund.
Edmund is almost dead.
You draw life from the orc.
The orc is heavily wounded.
You draw life from the orc priest.
The orc priest is moderately wounded.
You feel life flooding into your body.
* * * LOW MAGIC WARNING * * *
The orc priest calls down the wrath of Beogh upon you.
Something smites you!
You die...
Yredelemnul claims you as an undead slave.

############
.........o@@o#
oo....#######.#
@....# #.# #....#
#.# #....# #.#
#....# #@# #....#
#.#
#.#####....#######o#
#..........o..@....#


You could see Edmund, an orc priest and an orc.

Vanquished Creatures
  3 ogres
  A sky beast (D:5)
  2 phantoms
  2 centaurs (D:6)
  A big kobold (Sewer)
  2 giant frogs (D:6)
  Blork the orc (D:6)
  5 crimson imps
  A gnoll shaman (D:6)
  A big fish (Sewer)
  A hound (D:6)
  Crazy Yiuf (D:3)
  A worker ant (D:4)
  2 iguanas (D:6)
  A scorpion (D:4)
  A sky beast zombie (D:5)
  Ijyb (D:3)
  An ogre zombie (D:6)
  A hound zombie (D:6)
  A hound skeleton (D:3)
  9 gnolls
  8 adders
  2 giant mites
  2 green rats
  6 worms
  An adder skeleton (D:4)
  2 grey rats (Sewer)
  2 giant eyeballs
  5 giant geckos
  An ooze (D:1)
  3 orcs
  7 giant cockroaches
  11 goblins
  10 hobgoblins
  8 jackals
  12 kobolds
  2 quokkas
  3 ball pythons
  8 bats
  7 giant newts
  A kobold zombie (D:5)
  10 rats
150 creatures vanquished.

Notes
Turn   | Place    | Note
--------------------------------------------------------------
     0 | D:1      | PolkaDot, the Vampire Death Knight, began the quest for the Orb.
     0 | D:1      | Reached XP level 1. HP: 16/16 MP: 1/1
   826 | D:1      | Reached XP level 2. HP: 21/23 MP: 2/2
  1079 | D:2      | Reached skill level 3 in Fighting
  1231 | D:2      | Reached XP level 3. HP: 29/29 MP: 4/4
  1880 | D:3      | Noticed Ijyb
  1899 | D:3      | Killed Ijyb
  1899 | D:3      | Reached skill level 4 in Fighting
  1899 | D:3      | Reached XP level 4. HP: 35/37 MP: 5/5
  1956 | D:3      | Found a glowing drain.
  1989 | D:3      | Acquired Yredelemnul's second power
  2035 | Sewer    | Entered a sewer
  2136 | Sewer    | Reached XP level 5. HP: 26/43 MP: 6/6
  2273 | Sewer    | Noticed a big kobold
  2285 | Sewer    | Reached skill level 5 in Fighting
  2334 | Sewer    | Killed a big kobold
  2406 | Sewer    | Found a glowing silver altar of Zin.
  2540 | D:3      | Learned a level 2 spell: Blink
  2542 | D:3      | Learned a level 1 spell: Apportation
  2643 | D:3      | Reached XP level 6. HP: 46/51 MP: 8/8
  2799 | D:3      | Noticed Crazy Yiuf
  2831 | D:3      | Killed Crazy Yiuf
  3459 | D:4      | Found a staircase to the Ecumenical Temple.
  3520 | D:4      | Acquired Yredelemnul's third power
  3520 | D:4      | Reached XP level 7. HP: 40/56 MP: 9/9
  3692 | D:4      | Reached skill level 1 in Armour
  3696 | D:4      | Paralysed by a giant eyeball for 2 turns
  3722 | D:4      | Reached skill level 5 in Short Blades
  4078 | D:4      | Got a brightly glowing great sword
  4104 | D:4      | Identified the cursed +1,+0 great sword of Exhibitionism {freeze, +Rage Int-2} (You found it on level 4 of the Dungeon)
  4229 | D:5      | Entered Level 5 of the Dungeon
  4345 | D:5      | Found a white marble altar of Elyvilon.
  4503 | D:5      | Reached skill level 6 in Short Blades
  4799 | D:5      | Reached XP level 8. HP: 55/63 MP: 10/10
  5269 | D:6      | Reached skill level 7 in Short Blades
  5403 | D:6      | Got a distressingly furry ring mail
  5460 | D:6      | Reached skill level 8 in Short Blades
  5528 | D:6      | Noticed Blork the orc
  5542 | D:6      | Killed Blork the orc
  5727 | D:6      | Acquired Yredelemnul's fourth power
  5892 | D:6      | Found a sparkling altar of Nemelex Xobeh.
  5957 | D:6      | Noticed Edmund
  6013 | D:6      | Killed from afar by an orc priest

Action                   |  1- 3 |  4- 6 |  7- 9 || total
-------------------------+-------+-------+-------++-------
Melee: Short sword       |   143 |   292 |   520 ||   955
       Dagger            |       |    18 |       ||    18
 Cast: Blink             |       |     1 |       ||     1
Invok: Drain Life        |       |       |     1 ||     1
 Abil: Bottle Blood      |       |       |    12 ||    12
Evoke: Wand              |       |     1 |       ||     1
  Use: Potion            |     2 |     6 |    16 ||    24
       Scroll            |       |     8 |     8 ||    16
 Stab: Sleeping          |     1 |       |     1 ||     2
       Invisible         |       |     5 |       ||     5
